 Dungeon Crawl Stone Soup version 0.30-a0-632-g346586fe48 (webtiles) character file.

Game seed: 17411272135514584459

219198 VictorG the Eclecticist (level 18, -10/133 HPs)
             Began as a Deep Elf Summoner on Jan 12, 2023.
             Was a High Priest of Sif Muna.
             Mangled by a +5 hand axe of distortion (14 damage)
             ... on level 2 of the Elven Halls on Jan 13, 2023.
             The game lasted 03:41:20 (33853 turns).

VictorG the Eclecticist (Deep Elf Summoner)        Turns: 33853, Time: 03:41:21

Health: -10/133    AC: 28    Str:  4      XL:     18   Next: 0%
Magic:  27/44      EV: 21    Int: 34      God:    Sif Muna [*****.]
Gold:   1169       SH:  0    Dex: 18 (19) Spells: 7/58 levels left

rFire   . . .      SeeInvis +    Q - +5 scythe "Finisher" {speed, eviscerate}
rCold   . . .      Faith    .    (shield currently unavailable)
rNeg    + . .      Spirit   .    (body armour currently unavailable)
rPois   ∞          Reflect  .    (no helmet)
rElec   +          Harm     .    y - scarf {repulsion}
rCorr   .          Rampage  .    (gloves currently unavailable)
Will    +....                    (boots currently unavailable)
Stlth   ++                       h - amulet of magic regeneration
HPRegen 0.42/turn                e - +6 ring of intelligence
MPRegen 0.69/turn                d - ring of wizardry

@: statue-form (expiring), repel missiles, very slow
A: slow and powerful, torment resistance 1, boosted hp, see invisible, agile 1,
deterioration 1, robust 1, (shaggy fur 1)
}: 2/15 runes: decaying, serpentine
a: End Transformation, Renounce Religion, Channel Magic, Forget Spell, Divine
Exegesis


You were on level 2 of the Elven Halls.
You worshipped Sif Muna.
Sif Muna was extremely pleased with you.
You were a living statue of rough stone.
You visited 7 branches of the dungeon, and saw 33 of its levels.
You visited the Abyss 1 time.
You also visited: Ice Cave.

You collected 3445 gold pieces.
You spent 2276 gold pieces at shops.

Inventory:

Hand Weapons
 Q - the +5 scythe "Finisher" (weapon) {speed, eviscerate}
   (You found it on level 9 of the Dungeon)
Armour
 j - a +1 pair of boots (melded)
 q - a +1 helmet
 y - a scarf of repulsion (worn)
 G - a +2 robe of resistance (melded)
 X - the +3 pair of gauntlets of War (melded) {Slay+5}
   (You bought it in a shop on level 2 of the Snake Pit)

   Slay:      It affects your accuracy & damage with ranged weapons and melee
   (+5).
Magical Staves
 v - a staff of air
Jewellery
 d - a ring of wizardry (right fist)
 e - a +6 ring of intelligence (left fist)
 h - an amulet of magic regeneration (around neck)
 i - an amulet of faith
 s - a ring of flight
 H - a ring of resist corrosion
 J - a ring of see invisible
 K - the ring "Irruguunn" {Ice rElec Str+4}
   (You found it in an ice cave)

   [ring of ice]

   It enhances your ice magic.
   Str:       It affects your strength (+4).
   rF:        It makes you vulnerable to fire.
   rC:        It protects you from cold.
   rElec:     It insulates you from electricity.
 N - a ring of magical power
 W - the ring "Voemeholi" {rElec rPois Str+6 Int-3 Dex-4}
   (You found it on level 4 of the Lair of Beasts)

   [ring of poison resistance]

   Str:       It affects your strength (+6).
   Int:       It affects your intelligence (-3).
   Dex:       It affects your dexterity (-4).
   rElec:     It insulates you from electricity.
   rPois:     It protects you from poison.
Wands
 z - a wand of quicksilver (11)
 D - a wand of iceblast (13)
 E - a wand of polymorph (5)
 I - a wand of mindburst (23)
 T - a wand of digging (6)
Scrolls
 c - 3 scrolls of torment
 k - 8 scrolls of teleportation
 r - 6 scrolls of fog
 t - 6 scrolls of immolation
 u - 2 scrolls of brand weapon
 w - 4 scrolls of silence
 M - 4 scrolls of identify
 O - 4 scrolls of enchant weapon
 P - 6 scrolls of fear
 S - 2 scrolls of poison
 U - a scroll of summoning
Potions
 b - 4 potions of magic
 f - 4 potions of ambrosia
 g - 5 potions of heal wounds
 l - 4 potions of brilliance
 n - 2 potions of lignification
 o - 10 potions of curing
 p - a potion of resistance
 x - 3 potions of flight
 A - 5 potions of haste
 B - 10 potions of mutation
 R - 3 potions of cancellation
 Z - 3 potions of invisibility


   Skills:
 - Level 4.1 Fighting
 + Level 3.0 Polearms
 - Level 14.7 Dodging
 - Level 2.4 Stealth
 * Level 20.6 Spellcasting
 - Level 6.8 Hexes
 * Level 18.2 Summonings
 + Level 14.0 Necromancy
 - Level 10.9 Translocations
 * Level 8.3 Transmutations
 - Level 6.2 Ice Magic
 - Level 4.1 Air Magic
 * Level 8.2 Earth Magic
 - Level 0.7 Poison Magic


You had 7 spell levels left.
You knew the following spells:

 Your Spells              Type           Power      Damage    Failure   Level
a - Summon Mana Viper     Hex/Summ       88%        N/A       1%          5
b - Call Imp              Summ           100%       N/A       0%          2
c - Statue Form           Tmut/Erth      49%        N/A       1%          6
d - Summon Guardian Gole  Hex/Summ       88%        N/A       0%          3
e - Summon Lightning Spi  Summ/Air       84%        N/A       1%          4
f - Ozocubu's Armour      Ice            67%        N/A       1%          3
g - Haunt                 Necr/Summ      49%        N/A       1%          7
h - Cause Fear            Hex            34%        N/A       1%          4
i - Malign Gateway        Summ/Tloc      47%        N/A       1%          7
j - Monstrous Menagerie   Summ           51%        N/A       1%          7
k - Swiftness             Air            59%        N/A       1%          3

Your spell library contained the following spells:

 Spells                   Type           Power      Damage    Failure   Level
 Apportation              Tloc           100%       N/A       0%          1
 Necrotise                Necr           100%       1d9       0%          1
 Summon Small Mammal      Summ           100%       N/A       0%          1
 Sublimation of Blood     Necr           92%        N/A       0%          2
 Call Canine Familiar     Summ           100%       N/A       0%          3
 Vampiric Draining        Necr           92%        2d12      0%          3
 Beastly Appendage        Tmut           100%       N/A       1%          1
 Freeze                   Ice            100%       1d10      1%          1
 Kiss of Death            Conj/Necr      100%       2d13      1%          1
 Shock                    Conj/Air       100%       1d9       1%          1
 Slow                     Hex            100%       N/A       1%          1
 Sting                    Tmut/Pois      100%       1d8       1%          1
 Cigotuvi's Dreadful Rot  Necr/Pois/Air  100%       N/A       1%          2
 Ensorcelled Hibernation  Hex/Ice        100%       N/A       1%          2
 Poisonous Vapours        Pois/Air       100%       N/A       1%          2
 Wereblood                Tmut           75%        N/A       1%          2
 Confusing Touch          Hex            69%        N/A       1%          3
 Frozen Ramparts          Ice            100%       1d16      1%          3
 Hailstorm                Conj/Ice       54%        3d12      1%          3
 Ignite Poison            Fire/Tmut/Pois 53%        N/A       1%          3
 Inner Flame              Hex/Fire       55%        N/A       1%          3
 Kindle Blastsparks       Fire/Tloc/Air  100%       2d18      1%          3
 Mephitic Cloud           Conj/Pois/Air  46%        N/A       1%          3
 Portal Projectile        Hex/Tloc       100%       N/A       1%          3
 Spider Form              Tmut/Pois      60%        N/A       1%          3
 Stone Arrow              Conj/Erth      100%       3d13      1%          3
 Vhi's Electric Charge    Tloc/Air       100%       N/A       1%          3
 Airstrike                Air            29%        2d(5-21)  1%          4
 Anguish                  Hex/Necr       41%        N/A       1%          4
 Animate Armour           Summ/Erth      100%       N/A       1%          4
 Animate Dead             Necr           92%        N/A       1%          4
 Dispel Undead            Necr           92%        3d29      1%          4
 Fulminant Prism          Conj/Hex       27%        3d13      1%          4
 Ice Form                 Ice/Tmut       71%        N/A       1%          4
 Iskenderun's Mystic Bla  Conj/Tloc      64%        2d13      1%          4
 Leda's Liquefaction      Hex/Erth       36%        N/A       1%          4
 Petrify                  Tmut/Erth      74%        N/A       1%          4
 Summon Ice Beast         Ice/Summ       87%        N/A       1%          4
 Agony                    Necr           92%        N/A       1%          5
 Alistair's Intoxication  Tmut/Pois      40%        N/A       1%          5
 Blade Hands              Tmut           37%        N/A       1%          5
 Borgnjor's Vile Clutch   Necr/Erth      42%        N/A       1%          5
 Irradiate                Conj/Tmut      29%        3d21      1%          5
 Lee's Rapid Deconstruct  Erth           37%        3d18*     1%          5
 Metabolic Englaciation   Hex/Ice        34%        N/A       1%          5
 Silence                  Hex/Air        32%        N/A       1%          5
 Simulacrum               Ice/Necr       40%        N/A       1%          6
 Summon Hydra             Summ           51%        N/A       1%          7
 Olgreb's Toxic Radiance  Pois           39%        N/A       2%          4
 Freezing Cloud           Conj/Ice/Air   28%        6-21      2%          5
 Sticky Flame             Conj/Fire      35%        2d5       3%          4
 Arcjolt                  Conj/Air       24%        1d34      4%          5
 Lightning Bolt           Conj/Air       24%        1d40      4%          5
 Spellforged Servitor     Conj/Summ      38%        N/A       8%          7
 Eringya's Noxious Bog    Tmut/Pois      30%        N/A       9%          6
 Iron Shot                Conj/Erth      29%        9d6       11%         6
 Ozocubu's Refrigeration  Ice            33%        4d14      22%         7
 Borgnjor's Revivificati  Necr           46%        N/A       8%          8
 Infestation              Necr           46%        N/A       8%          8
 Dragon's Call            Summ           51%        N/A       21%         9
 Discord                  Hex            34%        N/A       78%         8
 Maxwell's Capacitive Co  Air            29%        ∞         98%         8
 Ignition                 Fire           17%        3d7       100%        8
 Polar Vortex             Ice            33%        N/A       100%        9


Dungeon Overview and Level Annotations

Branches:
Dungeon (15/15)            Temple (1/1) D:4            Lair (5/5) D:11
  Swamp (4/4) Lair:3        Snake (4/4) Lair:2        Slime (0/5) Lair:4
    Orc (2/2) D:11            Elf (2/3) Orc:2        Vaults (0/5) D:13
 Depths (0/4) D:15          IceCv (visited)

Altars:
Ashenzari
Cheibriados
Dithmenos
Elyvilon
Fedhas
Gozag
Hepliaklqana
Kikubaaqudgha
Makhleb
Nemelex Xobeh
Okawaru
Qazlal
Ru
Sif Muna
Trog
Uskayaw
Vehumet
Wu Jian
Xom
Yredelemnul
Zin
The Shining One

Shops:
D:2 =   D:3 (   D:7 :!   D:14 [   Orc:1 ?   Orc:2 *=?[   Elf:2 *   Snake:2 (:[[
Snake:3 ?

Portals:
Pandemonium: Orc:2

Annotations:
Swamp:2 3 runed translucent doors, Jacimip's ghost, journeyman HaHu
Elf:2 3 transporters


Innate Abilities, Weirdness & Mutations

You are a living statue of rough stone.
Your actions are slow, but your melee attacks are powerful.
You are resistant to unholy torment.
Your maximum health is greatly increased.
You are immune to poison.
Your equipment is partially melded.
You have supernaturally acute eyesight. (SInv)
You are agile. (Dex +4, Str/Int -1)
Your body sometimes deteriorates upon taking damage.
You are robust. (+10% HP)
((You are covered in fur. (AC +1)))


Message History

The deep elf knight looks frightened!
The deep elf pyromancer looks frightened!
The deep elf archer looks frightened!
The +5 hand axe of distortion is unaffected.
The fire elemental is unaffected.
The +5 hand axe of distortion hits you!
* * * LOW HITPOINT WARNING * * *
Space warps around you.
* * * LOW HITPOINT WARNING * * *
The +5 hand axe of distortion barely misses your lindwurm.
Your eldritch tentacle closely misses the deep elf archer.
Your eldritch tentacle completely misses the deep elf archer.
The +5 hand axe of distortion hits you.
* * * LOW HITPOINT WARNING * * *
Space warps around you.
* * * LOW HITPOINT WARNING * * *
The +5 hand axe of distortion hits your lindwurm.
Space warps around your lindwurm.
Your lindwurm misses the +5 hand axe of distortion.
Your lindwurm claws the +5 hand axe of distortion.
Your lindwurm completely misses the +5 hand axe of distortion.
The deep elf pyromancer mumbles some strange words.
The deep elf pyromancer blinks!
The deep elf archer unwields a +0 short sword.
The deep elf archer wields a +0 shortbow.
The deep elf archer shoots an arrow.
The arrow barely misses you.
The deep elf zephyrmancer gestures wildly while chanting.
The deep elf zephyrmancer blinks!
The deep elf archer casts a spell.
The deep elf archer blinks!
The fire elemental hits you. The fire elemental burns you!
* * * LOW HITPOINT WARNING * * *
Your eldritch tentacle slaps the deep elf archer.
Your eldritch tentacle freezes the deep elf archer!!
Your eldritch tentacle claws the deep elf archer!!
The deep elf archer dies!
Sif Muna accepts your kill.
The deep elf knight is engulfed in blazing flames.
The +5 hand axe of distortion hits you but does no damage.
Space warps horribly around you!
You die...

,*******,***** *,,,**,,,,*,,
**,,^,,,,,,,,* *,*,,***+****
**,***,,,***,********,,,,,,,,,,,,
,,,***,,,,,,,,,,,,,,,,*,*,*,*,*,*
,,,,,*,,,,,,,,******,,,,,,,,,,,,,
,,,*,,,,,,**,,* *##,#******,****
,,,***,,,,,,,,* ##.#.# ###**,****
,,,***,,,,***,*##(ke.# #..,,,**,,
>,,,8,,,,,,,,,*#8.○e.###.##*,,,,*
,,,,,,,*,***###..E....#☼.○#.#**,,
,,∩,,,,*,* ##.e....°...©...# **,
,,,,,,,*+** #........$#e.©### **
8,,,<,,,,,**##...w)...##.## *
,,,,,,,,,,,**##.∩§....##.#
,*,,,,,,,,,,**##..§..###.#* *
,,.#,,,,,,,,,**##§..##*##.** **
,,.+,,,,,,,,,+,,,,>,,,,,,.,*****,


You could see a deep elf knight (fast, invisible, fleeing), a deep elf
pyromancer, 2 deep elf zephyrmancers, a fire elemental (summoned), a +5 hand axe
of distortion (ally target), a friendly eldritch tentacle and a friendly
lindwurm (summoned).

Vanquished Creatures
  A centaur warrior (D:15)
  An orc high priest (Orc:2)
  An alligator (Swamp:4)
  2 swamp dragons (Swamp:4)
  A deep elf pyromancer (Elf:1)
  4 ugly things
  A deep elf zephyrmancer (Elf:1)
  An elephant (Lair:3)
  An orc sorcerer (Orc:2)
  A black mamba (Snake:4)
  A torpor snail (Lair:4)
  A komodo dragon (D:11)
  An efreet (D:14)
  A hornet (Lair:3)
  A tyrant leech (Swamp:1)
  3 blink frogs
  3 slime creatures (IceCv)
  2 yaks
  3 wraiths
  A warg (Orc:1)
  2 nagas (Snake:4)
  A water moccasin (D:11)
  3 orc warriors
  2 swamp drakes (Swamp:4)
  An ogre (Orc:2)
  A slime creature simulacrum (IceCv)
  Blork the orc (D:4)
  A bullfrog (D:11)
  2 hounds (D:6)
  A hell rat (Lair:2)
  2 orc wizards (Orc:1)
  A gnoll (D:4)
  An adder (D:4)
  A white imp (D:6)
  A dart slug (D:1)
  3 orcs
  A giant cockroach (D:3)
  2 goblins
  3 hobgoblins
  3 kobolds
  A quokka (D:4)
  A ball python (D:2)
  A frilled lizard (D:1)
  2 rats
69 creatures vanquished.

Vanquished Creatures (collateral kills)
  Mara (Snake:4)
  the Lernaean hydra (Swamp:4)
  Mlioglotl (Swamp:1)
  The ghost of Flippered the Severer, an adept HOFi of Uskayaw (Snake:4)
  An eldritch tentacle (Swamp:1)
  6 nagarajas
  3 azure jellies (IceCv)
  A fenstrider witch (Swamp:2)
  A rockslime (IceCv)
  Aizul (Snake:4)
  3 quicksilver oozes (IceCv)
  A juggernaut skeleton (D:15)
  6 eleionomae
  4 bunyips
  2 dire elephants
  2 shambling mangroves
  Josephine (Snake:1)
  20 hydras
  A salamander tyrant (Snake:4)
  A catoblepas (Lair:5)
  3 centaur warriors
  Erica (D:8)
  A demonspawn (Orc:2)
  4 boulder beetles
  2 anacondas
  4 dancing weapons
  A tengu warrior (D:15)
  A deep troll shaman (Lair:5)
  6 alligators
  A vampire mage (D:15)
  9 naga warriors
  5 two-headed ogres
  6 shock serpents
  5 death yaks
  6 orc high priests (Orc:2)
  4 naga sharpshooters
  2 deep elf knights
  Amaemon (Lair:1)
  2 sea snakes (Snake:2)
  3 salamander mystics
  A spark wasp zombie (D:15)
  3 skeletal warriors
  5 goliath frogs
  2 spriggan druids
  An orange crystal statue (IceCv)
  A deep elf archer (Elf:2)
  2 bog bodies (Swamp:1)
  A lindwurm (Lair:3)
  14 swamp dragons
  3 naga ritualists (Snake:4)
  5 deep elf pyromancers
  A necromancer (D:15)
  4 orc knights
  3 deep elf zephyrmancers (Elf:1)
  7 cyclopes
  5 mana vipers
  8 orc sorcerers
  3 will-o-the-wisps
  5 manticores
  8 ugly things
  3 nameless horrors
  2 salamanders
  20 elephants
  13 naga magi
  25 black mambas
  A stone giant skeleton (D:15)
  2 torpor snails (Lair:4)
  The ghost of Protee the Ruffian, a novice NaTm of Cheibriados (D:4)
  A guardian serpent (Snake:3)
  2 gargoyles
  6 cane toads
  An orange demon (Lair:1)
  11 komodo dragons
  2 efreet
  5 rime drakes
  3 tengu conjurers
  A freezing wraith (D:14)
  4 trolls
  5 polar bears
  A hellwing (Orc:2)
  Grinder (D:6)
  7 hornets
  7 tyrant leeches
  8 blink frogs
  29 slime creatures
  A shadow (D:10)
  35 yaks
  3 spriggans
  A water elemental (Elf:2)
  11 wraiths
  7 wyverns
  8 basilisks
  4 vampire mosquitoes (D:13)
  A chaos spawn (Orc:2)
  2 steam dragons
  2 wargs
  39 nagas
  17 swamp worms
  23 water moccasins
  An acid dragon (D:13)
  26 orc warriors
  7 swamp drakes
  3 black bears
  2 great orb of eyes simulacra (IceCv)
  An ice beast (D:6)
  2 sky beasts
  A glowing shapeshifter skeleton (D:15)
  4 ogres
  16 wolves
  13 centaurs
  A phantom (D:4)
  3 slime creature simulacra (IceCv)
  3 kobold brigands
  An earth elemental (Elf:1)
  9 bullfrogs
  2 necrophages
  5 gnoll sergeants
  3 scorpions
  2 glowing shapeshifter simulacra (IceCv)
  A wight (D:8)
  3 howler monkeys
  5 electric eels
  5 hounds
  3 quasits (D:4)
  7 jellies
  19 orc priests
  2 gnoll boudas (D:7)
  Ijyb (D:3)
  6 iguanas
  15 orc wizards
  5 hell rats (Lair:2)
  43 gnolls
  6 adders
  A shadow imp (D:8)
  A white imp (D:6)
  A worm (D:3)
  3 dart slugs
  92 orcs
  5 ball pythons
  7 bats
  13 endoplasms
  2 giant cockroaches
  7 hobgoblins
  2 jackals (D:7)
  24 kobolds
  3 quokkas
  2 frilled lizards
  6 goblins
  3 rats
  A spectral orc (D:13)
921 creatures vanquished.

Vanquished Creatures (others)
  53 eldritch tentacles
  A fire crab (Lair:4)
  An orc knight (Orc:2)
  2 manticores
  A cane toad (Lair:1)
  An ice devil (Orc:2)
  2 slime creatures (D:9)
  A vampire (D:11)
  2 orc warriors (Orc:1)
  A gnoll sergeant (D:6)
  A jelly (D:6)
  A gnoll bouda (D:7)
  2 orc wizards
  An orc (Orc:1)
  A quokka (D:3)
  2 foxfires (Swamp:2)
  84 fungi
  92 plants
  7 withered plants (D:15)
256 creatures vanquished.

Grand Total: 1246 creatures vanquished

Notes
Turn   | Place    | Note
-------+----------+-------------------------------------------
     0 | D:1      | VictorG the Deep Elf Summoner began the quest for the Orb.
     0 | D:1      | Reached XP level 1. HP: 10/10 MP: 6/6
   194 | D:1      | Reached XP level 2. HP: 15/15 MP: 6/8
   197 | D:1      | Learned a level 2 spell: Call Imp
   793 | D:1      | Reached XP level 3. HP: 19/19 MP: 6/10
   819 | D:1      | Learned a level 3 spell: Call Canine Familiar
   823 | D:1      | Learned a level 3 spell: Summon Guardian Golem
  1330 | D:2      | Reached skill level 4 in Spellcasting
  1420 | D:2      | Reached skill level 5 in Summonings
  1457 | D:2      | Found a burning altar of Makhleb.
  1837 | D:2      | Found Goicorry's Jewellery Shoppe.
  1847 | D:2      | Reached XP level 4. HP: 24/24 MP: 12/12
  2013 | D:3      | Noticed Ijyb
  2025 | D:3      | Killed Ijyb
  2075 | D:3      | Found Gooqys's Antique Weapon Emporium.
  2145 | D:3      | Found a stormy altar of Qazlal.
  2291 | D:3      | Reached skill level 1 in Hexes
  2352 | D:3      | Reached skill level 1 in Transmutations
  2352 | D:3      | Reached XP level 5. HP: 28/28 MP: 6/13
  2505 | D:3      | Learned a level 4 spell: Summon Lightning Spire
  2991 | D:4      | Identified the +4 whip of Ypesuucose {protect, Will- Str+3
                  | Dex+2}
  3085 | D:4      | Noticed Blork the orc
  3090 | D:4      | Noticed a phantom
  3093 | D:4      | Reached skill level 1 in Air Magic
  3101 | D:4      | Killed Blork the orc
  3102 | D:4      | Reached skill level 5 in Spellcasting
  3102 | D:4      | Reached XP level 6. HP: 32/32 MP: 2/15
  3226 | D:4      | Found a burning altar of Makhleb.
  3256 | D:4      | Found a white marble altar of Elyvilon.
  3256 | D:4      | Found a glowing silver altar of Zin.
  3256 | D:4      | Found a glowing golden altar of the Shining One.
  3322 | D:4      | Reached skill level 5 in Dodging
  3447 | D:4      | Found a staircase to the Ecumenical Temple.
  3477 | Temple   | Entered the Ecumenical Temple
  3592 | D:4      | Reached XP level 7. HP: 36/36 MP: 17/17
  3753 | D:4      | Found a transporter.
  3763 | D:4      | Noticed Protee's ghost (novice NaTm)
  3787 | D:4      | Found a transporter.
  3811 | D:4      | Found a bloodstained altar of Trog.
  3821 | D:4      | Found an ornate altar of the Wu Jian Council.
  4298 | D:5      | Entered Level 5 of the Dungeon
  4313 | D:5      | Found a radiant altar of Vehumet.
  4314 | D:5      | Found an iron altar of Okawaru.
  4388 | D:5      | Reached skill level 6 in Spellcasting
  4520 | D:5      | Reached XP level 8. HP: 38/41 MP: 18/20
  4685 | D:5      | Found a sacrificial altar of Ru.
  4867 | D:6      | Reached skill level 7 in Spellcasting
  5294 | D:6      | Reached skill level 1 in Necromancy
  5434 | D:6      | Noticed Grinder
  5466 | D:6      | Killed Grinder
  5568 | D:6      | Reached skill level 8 in Spellcasting
  5589 | D:6      | Noticed a manticore
  5644 | D:6      | Killed a manticore
  5645 | D:6      | Reached XP level 9. HP: 32/45 MP: 7/23
  5680 | D:6      | Learned a level 3 spell: Ozocubu's Armour
  5956 | D:6      | Reached skill level 1 in Ice Magic
  6110 | D:7      | Reached skill level 9 in Spellcasting
  6476 | D:7      | Found Zuuzxo's Book Emporium.
  6480 | D:7      | Noticed a troll
  6487 | D:7      | Killed a troll
  6488 | D:7      | Reached skill level 5 in Necromancy
  6897 | D:7      | Found Byebitui's Distillery.
  6905 | D:7      | Bought a potion of curing for 30 gold pieces
  6905 | D:7      | Bought a potion of degeneration for 10 gold pieces
  7039 | D:8      | Reached XP level 10. HP: 50/50 MP: 25/25
  7063 | D:8      | Noticed Erica
  7081 | D:8      | Killed Erica
  7082 | D:8      | Reached skill level 10 in Spellcasting
  7285 | D:8      | Found a hide-covered altar of Uskayaw.
  7285 | D:8      | Found a blossoming altar of Fedhas.
  7292 | D:8      | Found a basalt altar of Yredelemnul.
  7294 | D:8      | Found a broken altar of Ashenzari.
  7296 | D:8      | Found a shimmering blue altar of Sif Muna.
  7300 | D:8      | Became a worshipper of Sif Muna the Loreminder
  7337 | D:8      | Learned a level 7 spell: Haunt
  8292 | D:5      | Found a shimmering altar of Xom.
  8292 | D:5      | Found a shadowy altar of Dithmenos.
  8295 | D:5      | Found an opulent altar of Gozag.
  8465 | D:9      | Reached skill level 10 in Dodging
  8465 | D:9      | Reached skill level 10 in Summonings
  8515 | D:9      | Found a snail-covered altar of Cheibriados.
  8520 | D:9      | Reached * piety under Sif Muna
  8575 | D:9      | Reached skill level 11 in Spellcasting
  8679 | D:9      | Noticed a skeletal warrior
  8700 | D:9      | HP: 2/50 [skeletal warrior/+1 long sword (23)]
  9056 | D:9      | Reached XP level 11. HP: 54/54 MP: 28/28
  9066 | D:9      | Learned a level 4 spell: Cause Fear
  9723 | D:4      | Killed Protee's ghost
  9910 | D:9      | Killed a skeletal warrior
  9930 | D:9      | Found the +5 scythe "Finisher" {speed, eviscerate}
 10194 | D:9      | Noticed a two-headed ogre
 10209 | D:9      | Killed a two-headed ogre
 10493 | D:10     | Entered Level 10 of the Dungeon
 10539 | D:10     | Noticed a two-headed ogre
 10547 | D:10     | Killed a two-headed ogre
 10734 | D:10     | Noticed a two-headed ogre
 10743 | D:10     | Killed a two-headed ogre
 10802 | D:10     | Found an ancient bone altar of Kikubaaqudgha.
 10932 | D:10     | Found a hazy altar of Hepliaklqana.
 10941 | D:10     | Reached skill level 12 in Spellcasting
 10942 | D:10     | Reached ** piety under Sif Muna
 11104 | D:10     | Found a sparkling altar of Nemelex Xobeh.
 11104 | D:10     | Noticed a two-headed ogre
 11109 | D:10     | Killed a two-headed ogre
 11298 | D:11     | Found a staircase to the Orcish Mines.
 11333 | D:11     | Reached skill level 5 in Hexes
 11333 | D:11     | Reached skill level 5 in Ice Magic
 11443 | D:11     | Noticed a centaur warrior
 11448 | D:11     | Killed a centaur warrior
 11449 | D:11     | Reached XP level 12. HP: 56/59 MP: 19/30
 11489 | D:11     | Found a staircase to the Lair.
 11529 | D:11     | Noticed a two-headed ogre
 11539 | D:11     | Killed a two-headed ogre
 12188 | D:12     | Reached skill level 13 in Spellcasting
 12621 | D:13     | Noticed a boulder beetle
 12635 | D:13     | Killed a boulder beetle
 12636 | D:13     | Reached skill level 10 in Necromancy
 12707 | D:13     | Noticed a boulder beetle
 12718 | D:13     | Killed a boulder beetle
 12874 | D:13     | Reached *** piety under Sif Muna
 12932 | D:13     | Found a gate to the Vaults.
 13179 | Orc:1    | Entered Level 1 of the Orcish Mines
 13247 | Orc:1    | Found Onkam's Magic Scroll Shoppe.
 13275 | Orc:1    | Bought a scroll of identify for 30 gold pieces
 13380 | Orc:2    | Entered Level 2 of the Orcish Mines
 13604 | Orc:1    | Reached **** piety under Sif Muna
 13948 | Orc:2    | Noticed an orc high priest
 13956 | Orc:2    | Killed an orc high priest
 14251 | Orc:2    | Reached ***** piety under Sif Muna
 14288 | Orc:2    | Found Xidyir's General Store.
 14302 | Orc:2    | Received a gift from Sif Muna
 14303 | Orc:2    | Got Sif Muna's Discourse on the United Sphinx {god gift}
 14311 | Orc:2    | Reached XP level 13. HP: 51/63 MP: 23/32
 14332 | Orc:2    | Learned a level 7 spell: Malign Gateway
 14439 | Orc:2    | Found Fyqil's Magic Scroll Shop.
 14448 | Orc:2    | Reached skill level 1 in Translocations
 14690 | Orc:2    | Reached skill level 14 in Spellcasting
 15012 | Orc:2    | Found a staircase to the Elven Halls.
 15575 | Orc:2    | Found Kateckedgh's Antique Armour Shoppe.
 15575 | Orc:2    | Found Liofex's Jewellery Emporium.
 15575 | Orc:2    | Found a one-way gate leading to the halls of Pandemonium.
 15588 | Orc:2    | Bought a ring of wizardry for 480 gold pieces
 15592 | Orc:2    | Bought a pair of runed gloves for 232 gold pieces
 15775 | Lair:1   | Entered Level 1 of the Lair of Beasts
 16155 | Lair:1   | Noticed Amaemon
 16168 | Lair:1   | Killed Amaemon
 16433 | Lair:1   | Reached skill level 5 in Translocations
 16616 | Lair:2   | Identified the +2 rapier of Maenoj {speed, Stlth+}
 16963 | Lair:2   | Found a staircase to the Snake Pit.
 16989 | Lair:2   | Learned a level 7 spell: Summon Hydra
 17038 | Lair:2   | Received a gift from Sif Muna
 17039 | Lair:2   | Got Sif Muna's Handbook of Hiemal Leadership {god gift}
 17090 | Lair:2   | Learned a level 7 spell: Monstrous Menagerie
 17744 | Lair:3   | Reached skill level 15 in Spellcasting
 17784 | Lair:3   | Reached XP level 14. HP: 66/68 MP: 26/35
 17809 | Lair:3   | Identified the +3 ring mail of the Vaults {rN+ Stlth+}
 17892 | Lair:3   | Found a staircase to the Swamp.
 18963 | Lair:4   | Identified the ring "Voemeholi" {rElec rPois Str+6 Int-3
                  | Dex-4}
 19121 | Lair:4   | Found a staircase to the Slime Pits.
 19351 | Lair:4   | Reached skill level 16 in Spellcasting
 19479 | Lair:4   | Identified the +3 sling "Ylodduev" {heavy, rElec Dex+2}
 19506 | Lair:4   | Learned a level 5 spell: Summon Mana Viper
 19972 | Lair:5   | Entered Level 5 of the Lair of Beasts
 20428 | Lair:5   | Received a gift from Sif Muna
 20429 | Lair:5   | Got Sif Muna's Compendium of Familiar Amathomancy {god
                  | gift}
 20855 | Lair:5   | Reached XP level 15. HP: 72/72 MP: 21/37
 20923 | Lair:5   | Reached skill level 17 in Spellcasting
 20963 | Lair:5   | Reached skill level 15 in Summonings
 21295 | Snake:1  | Entered Level 1 of the Snake Pit
 21369 | Snake:1  | Reached skill level 1 in Fighting
 21370 | Snake:1  | Reached skill level 10 in Translocations
 21481 | Snake:1  | Noticed Josephine
 21488 | Snake:1  | Killed Josephine
 21599 | Snake:1  | Upgraded the game from 0.30-a0-629-gd54f4be4f7 to
                  | 0.30-a0-632-g346586fe48
 23091 | Snake:2  | Noticed a nagaraja
 23097 | Snake:2  | Killed a nagaraja
 23185 | Snake:2  | Found Vomuot's Book Shoppe.
 23188 | Snake:2  | Found Bytips's Antique Armour Emporium.
 23188 | Snake:2  | Found Leosos's Antique Weapon Shoppe.
 23192 | Snake:2  | Found Fuys Gof's Armour Emporium.
 23403 | Snake:3  | Noticed a nagaraja
 23408 | Snake:3  | Killed a nagaraja
 23511 | Snake:3  | Found Nopn's Magic Scroll Shoppe.
 23538 | Snake:3  | Bought a scroll of identify for 22 gold pieces
 23768 | Snake:3  | Received a gift from Sif Muna
 23798 | Snake:3  | Learned a level 3 spell: Swiftness
 23849 | Snake:3  | Reached skill level 18 in Spellcasting
 24100 | Snake:4  | Entered Level 4 of the Snake Pit
 24138 | Snake:4  | Noticed Aizul
 24151 | Snake:4  | Killed Aizul
 24240 | Snake:4  | Found a runed translucent gate.
 24240 | Snake:4  | Found a runed translucent gate.
 24240 | Snake:4  | Found a runed translucent gate.
 24244 | Snake:4  | Noticed Flippered's ghost (adept HOFi)
 24483 | Snake:4  | Found a sparkling altar of Nemelex Xobeh.
 24534 | Snake:4  | Noticed a nagaraja
 24540 | Snake:4  | Killed a nagaraja
 24557 | Snake:4  | Noticed Mara
 24565 | Snake:4  | Killed Mara
 24566 | Snake:4  | Reached XP level 16. HP: 83/83 MP: 5/40
 25189 | Snake:4  | Reached skill level 1 in Earth Magic
 25314 | Snake:4  | Received a gift from Sif Muna
 25315 | Snake:4  | Got Sif Muna's Elucidation of Gathered Malevolent Arts {god
                  | gift}
 25559 | Snake:4  | Got a serpentine rune of Zot
 25643 | Snake:4  | Killed Flippered's ghost
 25813 | Swamp:1  | Entered Level 1 of the Swamp
 26058 | Swamp:1  | Noticed Mlioglotl
 26089 | Swamp:1  | Killed Mlioglotl
 26127 | Swamp:1  | Reached skill level 19 in Spellcasting
 26958 | Swamp:2  | Noticed a thorn hunter
 26959 | Swamp:2  | Noticed Jacimip's ghost (journeyman HaHu)
 26959 | Swamp:2  | Noticed a thorn hunter
 27351 | Swamp:2  | Found a runed translucent gate.
 27351 | Swamp:2  | Found a runed translucent gate.
 27352 | Swamp:2  | Found a runed translucent gate.
 27622 | Swamp:2  | Identified a scroll of acquirement
 27623 | Swamp:2  | Acquired 804 gold pieces
 27821 | Snake:2  | Bought the +3 pair of gauntlets of War {Slay+5} for 1472
                  | gold pieces
 27821 | Snake:2  | Found the +3 pair of gauntlets of War {Slay+5}
 28450 | Swamp:3  | Reached skill level 5 in Transmutations
 28753 | Swamp:3  | Reached skill level 5 in Earth Magic
 28766 | Swamp:3  | Learned a level 6 spell: Statue Form
 28933 | Swamp:4  | Entered Level 4 of the Swamp
 29203 | Swamp:4  | Reached XP level 17. HP: 88/88 MP: 28/42
 29283 | Swamp:4  | Reached skill level 1 in Polearms
 29283 | Swamp:4  | Received a gift from Sif Muna
 29571 | Swamp:4  | Noticed the 27-headed Lernaean hydra
 29578 | Swamp:4  | Killed the 27-headed Lernaean hydra
 29866 | Swamp:4  | Got a decaying rune of Zot
 31036 | D:13     | Reached skill level 20 in Spellcasting
 31111 | D:13     | Identified the +1 scale mail of the Saviour {Int+4}
 31344 | D:13     | Found a basalt altar of Yredelemnul.
 31387 | D:14     | Identified the +6 great sword of Zidexoas {antimagic, rPois
                  | Will- Str+4}
 31416 | D:14     | Found a frozen archway.
 31423 | IceCv    | Entered an ice cave
 31886 | IceCv    | Found a viscous altar of Jiyva.
 31998 | IceCv    | Got the ring "Irruguunn" {Ice rElec Str+4}
 32197 | D:14     | Received a gift from Sif Muna
 32198 | D:14     | Got Sif Muna's Treatise on Maleficent Ceremonies {god gift}
 32642 | D:14     | Found Duam's Antique Armour Shoppe.
 32706 | D:15     | Entered Level 15 of the Dungeon
 32754 | D:15     | Found a shimmering altar of Xom.
 33202 | D:15     | Found a staircase to the Depths.
 33530 | Lair:1   | Gained mutation: You have supernaturally acute eyesight.
                  | (SInv) [potion of mutation]
 33530 | Lair:1   | Gained mutation: You occasionally shout uncontrollably at
                  | your foes. [potion of mutation]
 33530 | Lair:1   | Gained mutation: Your body sometimes deteriorates upon
                  | taking damage. [potion of mutation]
 33530 | Lair:1   | Gained mutation: You have a pair of small horns on your
                  | head. [potion of mutation]
 33531 | Lair:1   | Lost mutation: You have a pair of small horns on your head.
                  | [potion of mutation]
 33531 | Lair:1   | Lost mutation: You occasionally shout uncontrollably at
                  | your foes. [potion of mutation]
 33531 | Lair:1   | Gained mutation: You are robust. (+10% HP) [potion of
                  | mutation]
 33531 | Lair:1   | Gained mutation: You are agile. (Dex +4, Str/Int -1)
                  | [potion of mutation]
 33531 | Lair:1   | Gained mutation: You are covered in fur. (AC +1) [potion of
                  | mutation]
 33691 | Elf:1    | Entered Level 1 of the Elven Halls
 33811 | Elf:1    | You fall into a shaft and drop 1 floor!
 33820 | Elf:2    | Found a transporter.
 33820 | Elf:2    | Found a transporter.
 33828 | Abyss:2  | Cast into level 2 of the Abyss (+5 hand axe of distortion)
 33843 | Elf:2    | Escaped the Abyss
 33846 | Elf:2    | HP: 6/124 [fire elemental[a deep elf pyromancer] (6)]
 33846 | Elf:2    | Found a transporter.
 33846 | Elf:2    | Found a transporter.
 33848 | Elf:2    | Found Patwegu's Assorted Antiques.
 33853 | Elf:2    | Reached XP level 18. HP: 30/103 MP: 26/44
 33853 | Elf:2    | HP: 4/133 [fire elemental[a deep elf pyromancer] (6)]
 33853 | Elf:2    | Mangled by a +5 hand axe of distortion

Illustrated notes

Levels and vault maps discovered:
D:1:      saegor_arrival_under_anarchy, layout_basic, minmay_octomino_c4
D:2:      layout_loops_ring, serial_shops, shop, basic_altar, serial_glass,
          glass_columns_b, glass_columns_a
D:3:      layout_basic, grunt_qazlal_clouds, serial_shops,
          nicolae_shop_window_shopping, uniq_ijyb
D:4:      layout_cave_pods, good_gods_mini_temple, kennysheep_little_box,
          mainiacjoe_overflow_large_starburst, minmay_temple_entry_junction_2,
          gammafunk_ghost_stat_death, grunt_ministairs_10, uniq_blork_the_orc
D:5:      layout_rooms, nicolae_overflow_hidden_temple, kennysheep_mini,
          serial_bayou, serial_bayou_lagoon_a, serial_bayou_ford_a,
          serial_bayou_pond_d, serial_bayou_pond_b, serial_bayou_shore_b
D:6:      layout_basic, uniq_grinder
D:7:      layout_cave_pools, serial_shops, shop, serial_gnoll_camp,
          gnoll_camp_mini_shop, gnoll_camp_mini_hut, gnoll_camp_mini_hut,
          gnoll_camp_huts_basic
D:8:      layout_loops_ring, chequers_temple_overflow_minitemple,
          corexii_hall_statues_s, nicolae_hexahallways, st_stairs_9,
          minmay_misc_feat_tower, nicolae_lava_and_water, uniq_erica
D:9:      layout_grid_maze, kennysheep_slug_shrine, grunt_ministairs_11,
          minmay_guarded_unrand_finisher
D:10:     layout_roguey, mainiacjoe_overflow_six_doors_small,
          nicolae_kikubaaqudgha_miasma_corner, overflow_temple_1_default,
          special_room [special_room_orc]
D:11:     layout_rooms, due_lair_maze_entry_diamond
D:12:     layout_basic, kennysheep_cross_room
D:13:     layout_roguey, erik_vaults_1, yredelemnul_forgotten_temple_becter
D:14:     layout_loops_ring, serial_shops, nicolae_stop_n_shop_2,
          serial_bayou_pond_b, portal_ice_cave_entry_pillars_1
D:15:     gammafunk_depths_entry_grave, layout_cave_pools, fountainhead,
          xom_teletrap_fun
Temple:   ebering_the_none_and_only
Lair:1:   layout_loops_ring, uniq_amaemon
Lair:2:   layout_hall_layers, nicolae_snake_entry_squirm, serial_bayou_pond_c
Lair:3:   layout_roguey, swamp_mist, chequers_serial_rivers_small_3,
          beast_lair_carwin_9, infiniplex_staircase_pool
Lair:4:   layout_long_grid, nicolae_slime_entry_field_trip,
          nicolae_lair_lakeside_cave
Lair:5:   grunt_lair_end_beastmaster, layout_regular_city, serial_bayou_pond_c,
          kennysheep_basilisk_garden
Swamp:1:  layout_falls_marsh, hangedman_swamp_pad, swamp_pool4,
          nicolae_swamp_trees_clearing, uniq_mlioglotl
Swamp:2:  nicolae_swamp_wrong_neighborhood, layout_basic_swamp,
          gammafunk_ghost_split, nicolae_swamp_fairy_circle, swamp_pool3
Swamp:3:  layout_basic_swamp, nicolae_swamp_rocky_clearing
Swamp:4:  swamp_old_school, layout_basic_swamp, nicolae_swamp_little_swirl
Snake:1:  layout_onion_interference, special_room, drop_trap,
          serial_bayou_shore_b, nicolae_integral_box, uniq_josephine
Snake:2:  layout_grid_shapes, minmay_shoptagon, serial_bayou_shore_a
Snake:3:  layout_rooms, serial_shops,
          nicolae_shop_temple_entry_statues_fountains, lemuel_fruit_tree
Snake:4:  minmay_snake_end_coiled, layout_grid_shapes, basic_altar,
          gammafunk_ghost_split, uniq_aizul, uniq_mara
Orc:1:    layout_caves, serial_shops, shop, basic_altar
Orc:2:    pf_orc_diabolical, layout_caves
Elf:1:    eino_elf_arrival_the_gate, layout_gridlike,
          portal_desolation_entry_nicolae_nacl, minmay_elf_necromancy
Elf:2:    elven_hall_of_blades_hangedman_original
          [nicolae_blade_entry_area_security], layout_loops_corners,
          mu_enter_wizlab_3, serial_shops, shop, nicolae_stop_n_shop_1,
          serial_nicolae_subway, nicolae_sub_station_stone,
          nicolae_sub_station_crystal, nicolae_sub_station_metal

Skill      XL: |  1  2  3  4  5  6  7  8  9 10 11 12 13 14 15 16 17 |
---------------+----------------------------------------------------+-----
Dodging        | 3 4 5 6 7 8 10 11 12 13 14 | 14.7
Spellcasting   | 4 5 6 8 9 11 12 13 15 16 18 19 20 | 20.6
Summonings     | 5 6 7 9 10 11 12 13 14 16 17 18 | 18.2
Hexes          | 1 3 5 6 |  6.8
Transmutations | 1 5 8 |  8.3
Air Magic      | 1 2 3 4 |  4.1
Necromancy     | 3 5 7 9 10 11 12 13 14 | 14.0
Ice Magic      | 2 4 5 6 |  6.2
Translocations | 7 9 10 | 10.9
Fighting       | 3 4 |  4.1
Earth Magic    | 5 8 |  8.2
Polearms       | 3 |  3.0
Stealth        | |  2.4
Poison Magic   | |  0.7

Action                   |  1- 3 |  4- 6 |  7- 9 | 10-12 | 13-15 | 16-18 || total
-------------------------+-------+-------+-------+-------+-------+-------++-------
Melee: Unarmed           |    27 |       |       |       |       |       ||    27
       Short sword       |    27 |       |       |       |       |       ||    27
       Dagger            |     3 |    18 |       |       |       |       ||    21
       Whip              |       |    18 |     7 |       |       |       ||    25
       Staff             |       |       |    78 |    75 |    12 |     3 ||   168
       Scythe            |       |       |       |    61 |    85 |    74 ||   220
       Rapier            |       |       |       |       |     4 |       ||     4
 Cast: Summon Small Mamm |    22 |    11 |    10 |    18 |       |       ||    61
       Call Imp          |     9 |     6 |    14 |    25 |     7 |     1 ||    62
       Call Canine Famil |     2 |    11 |    27 |    52 |    30 |       ||   122
       Summon Guardian G |       |     7 |    11 |    26 |     8 |     1 ||    53
       Summon Lightning  |       |     2 |    30 |    78 |    69 |    13 ||   192
       Ozocubu's Armour  |       |       |     2 |    20 |     6 |    13 ||    41
       Haunt             |       |       |       |     6 |    31 |    91 ||   128
       Cause Fear        |       |       |       |     1 |     4 |     2 ||     7
       Monstrous Menager |       |       |       |       |   138 |    99 ||   237
       Summon Hydra      |       |       |       |       |     1 |       ||     1
       Summon Mana Viper |       |       |       |       |    15 |    18 ||    33
       Malign Gateway    |       |       |       |       |    13 |    43 ||    56
       Statue Form       |       |       |       |       |       |    22 ||    22
       Swiftness         |       |       |       |       |       |     2 ||     2
Invok: Forget Spell      |       |       |       |       |     2 |     1 ||     3
  Use: Scroll            |       |       |     5 |     7 |     9 |    17 ||    38
       Potion            |       |       |     1 |     7 |     2 |     8 ||    18
 Stab: Distracted        |     1 |       |     4 |     6 |     5 |     5 ||    21
       Sleeping          |     4 |     1 |     1 |       |       |       ||     6
Armor: Robe              |    22 |    12 |    10 |    74 |    35 |    18 ||   171
       Steam dragon scal |       |       |    16 |       |       |       ||    16
       Skin              |       |       |       |       |       |   110 ||   110
Dodge: Dodged            |    74 |    22 |    87 |   270 |   186 |   269 ||   908
       Repelled          |       |       |     3 |     4 |     7 |    19 ||    33

Table legend: (Time is in decaauts)
 A = Elapsed time spent in this place.
 B = Non-inter-level travel time spent in this place.
 C = Inter-level travel time spent in this place.
 D = Time resting spent in this place.
 E = Time spent auto-exploring this place.
 F = Levels seen in this place.
 G = Mean time per level.
                   A        B        C        D        E       F      G
               +--------+--------+--------+--------+--------+-----+--------+
         Total |  34924 |  32229 |   2695 |   5110 |  15742 |  35 |  997.8 |
       Dungeon |  15755 |  14505 |   1250 |   1514 |   8610 |  15 | 1050.3 |
        Temple |     17 |     17 |      0 |      0 |      0 |   1 |   17.0 |
          Lair |   6024 |   5332 |    692 |    884 |   2721 |   5 | 1204.8 |
         Swamp |   4890 |   4625 |    265 |    782 |   1882 |   4 | 1222.5 |
     Snake Pit |   4596 |   4352 |    244 |    920 |   1735 |   4 | 1149.0 |
  Orcish Mines |   2698 |   2455 |    243 |    726 |    792 |   2 | 1349.0 |
   Elven Halls |    195 |    195 |      0 |     70 |      0 |   2 |   97.5 |
         Abyss |     22 |     22 |      0 |      0 |      0 |   1 |   22.0 |
      Ice Cave |    723 |    723 |      0 |    214 |      0 |   1 |  723.0 |
               +--------+--------+--------+--------+--------+-----+--------+

Top non-repeatable levels by time:
   Orc:2: 2106 daAuts
 Swamp:4: 1867 daAuts
     D:9: 1690 daAuts
 Snake:4: 1616 daAuts
  Lair:4: 1593 daAuts
     D:4: 1484 daAuts
     D:8: 1478 daAuts
 Swamp:2: 1407 daAuts
     D:6: 1369 daAuts
     D:1: 1289 daAuts
  Lair:2: 1273 daAuts
 Snake:2: 1191 daAuts
 Snake:1: 1166 daAuts
    D:13: 1164 daAuts
  Lair:5: 1083 daAuts
